 Dungeon Crawl Stone Soup version 0.21.0-25-ge575cb9 (webtiles) character file.

261 troglodite the Slasher (level 5, -7/42 HPs)
             Began as a Demonspawn Berserker on Jan 25, 2018.
             Was a Priest of Trog.
             Mangled by an ice beast (14 damage)
             ... on level 5 of the Dungeon.
             The game lasted 00:09:56 (2510 turns).

troglodite the Slasher (Demonspawn Berserker)       Turns: 2510, Time: 00:09:57

Health: -7/42      AC:  5    Str: 17    XL:     5   Next: 96%
Magic:  5/5        EV: 11    Int:  8    God:    Trog [***...]
Gold:   226        SH:  4    Dex: 14    Spells: 4/4 levels left

rFire    . . .     SeeInvis .   a - +0 falchion
rCold    . . .     Gourm    .   l - +0 buckler
rNeg     . . .     Faith    .   o - +0 ring mail
rPois    +         Spirit   .   (helmet restricted)
rElec    .         Reflect  .   d - scarf {cloud immunity}
rCorr    +         Harm     .   (no gloves)
MR       .....                  (no boots)
Stlth    +.........             e - amulet of regeneration
HPRegen  0.54/turn              m - ring of poison resistance
MPRegen  0.09/turn              q - ring of resist corrosion

@: no status effects
A: horns 1, powered by death 1
a: Berserk, Trog's Hand, Burn Spellbooks, Renounce Religion


You were on level 5 of the Dungeon.
You worshipped Trog.
Trog was most pleased with you.
You were hungry.

You visited 1 branch of the dungeon, and saw 5 of its levels.

You collected 226 gold pieces.

Inventory:

Hand Weapons
 a - a +0 falchion (weapon)
Armour
 d - a scarf of cloud immunity (worn)
 l - a +0 buckler (worn)
 o - a +0 ring mail (worn)
 y - the +0 cloak of Weirdness {Dex+2, unknown}
   (You found it on level 5 of the Dungeon)

   It affects your dexterity (+2).
Jewellery
 e - an amulet of regeneration (around neck)
 m - a ring of poison resistance (left hand)
 n - an uncursed ring of flight
 q - a ring of resist corrosion (right hand)
Wands
 s - a wand of paralysis (10)
 x - a wand of polymorph (8)
Scrolls
 b - a scroll of fear {unknown}
 h - 8 scrolls of identify {unknown}
 i - a scroll of teleportation {unknown}
 p - a scroll of remove curse {unknown}
 t - 2 scrolls of immolation {unknown}
 u - a scroll of fog {unknown}
 v - 2 scrolls of noise {unknown}
Potions
 g - 2 potions of curing {unknown}
 j - a potion of ambrosia {unknown}
 k - a potion of brilliance {unknown}
 r - a potion of magic {unknown}
 w - a potion of mutation {unknown}
Comestibles
 c - 7 rations
 f - a chunk of flesh


   Skills:
 * Level 4.0 Fighting
 + Level 4.4 Long Blades
 * Level 2.3 Armour
 * Level 2.6 Dodging
 + Level 0.9 Stealth
 * Level 1.2 Shields


You had 4 spell levels left.
You didn't know any spells.

Dungeon Overview and Level Annotations

Branches:
Dungeon (5/15)
 Temple: D:4-7

Altars:
Fedhas
Hepliaklqana
Nemelex Xobeh
Trog

Annotations:
D:3 2 transporters


Innate Abilities, Weirdness & Mutations

You have a pair of small horns on your head.
You regenerate a little health from kills.


Message History

The ice beast hits you. The ice beast freezes you!
You barely miss the ice beast.
The ice beast is moderately wounded.
The ice beast closely misses you.
You riposte.
You hit the ice beast.
You headbutt the ice beast, but do no damage.
The ice beast is moderately wounded.
The ice beast hits you. The ice beast freezes you!
You hit the ice beast but do no damage.
The ice beast is moderately wounded.
You block the ice beast's attack.
You hit the ice beast but do no damage. You headbutt the ice beast.
The ice beast is moderately wounded.
The ice beast hits you. The ice beast freezes you!
* * * LOW HITPOINT WARNING * * *
You hit the ice beast but do no damage.
The ice beast is moderately wounded.
The ice beast hits you.
* * * LOW HITPOINT WARNING * * *
The ice beast freezes you!
You die...

###............
#............##
#..............
#...###........
#.).# #.....)..
#...###........
#..............
#..............
#......@Y......
#...#..........
#...#..........
#####....#.....
#....#....#
#....# ...#
#....# ..#
#....# ###


You could see an ice beast.

Vanquished Creatures
  An ogre (D:4)
  9 adders
  An ooze (D:1)
  5 worms (D:3)
  2 dart slugs (D:1)
  A leopard gecko (D:4)
  2 orcs
  A ball python (D:1)
  4 giant cockroaches
  7 goblins
  8 hobgoblins
  8 jackals
  3 quokkas
  3 bats
  4 frilled lizards
  7 kobolds
  A leopard gecko skeleton (D:5)
  6 rats
73 creatures vanquished.

Notes
Turn   | Place    | Note
-------+----------+-------------------------------------------
     0 | D:1      | troglodite the Demonspawn Berserker began the quest for the Orb.
     0 | D:1      | Reached XP level 1. HP: 18/18 MP: 1/1
    65 | D:1      | Gained mutation: You have a pair of small horns on your head. [demonic ancestry]
    65 | D:1      | Reached XP level 2. HP: 16/24 MP: 2/2
   439 | D:1      | Reached XP level 3. HP: 19/29 MP: 3/3
   801 | D:2      | Reached ** piety under Trog
   843 | D:2      | Found a blossoming altar of Fedhas.
   892 | D:2      | Gained mutation: You regenerate a little health from kills. [demonic ancestry]
   892 | D:2      | Reached XP level 4. HP: 23/35 MP: 4/4
   938 | D:2      | Found a hazy altar of Hepliaklqana.
  1409 | D:3      | Found a transporter.
  1428 | D:3      | Noticed a kobold demonologist
  1433 | D:3      | Found a transporter.
  1876 | D:3      | Noticed a moth of wrath
  1879 | D:3      | Found a bloodstained altar of Trog.
  1904 | D:3      | Reached *** piety under Trog
  1904 | D:3      | Reached XP level 5. HP: 41/41 MP: 5/5
  2073 | D:4      | Noticed an ogre
  2079 | D:4      | Killed an ogre
  2079 | D:4      | Reached skill level 1 in Shields
  2144 | D:4      | Found a sparkling altar of Nemelex Xobeh.
  2415 | D:5      | Entered Level 5 of the Dungeon
  2495 | D:5      | Noticed an ice beast
  2497 | D:5      | Got a shimmering cloak
  2510 | D:5      | Mangled by an ice beast

Skill      XL: |  1  2  3  4  5 |
---------------+----------------+-----
Dodging        | 2 |  2.6
Long Blades    | 3 4 |  4.4
Armour         | 2 |  2.3
Shields        | 1 |  1.2
Fighting       | 4 |  4.0
Stealth        | |  0.9

Action                   |  1- 3 |  4- 6 || total
-------------------------+-------+-------++-------
Melee: Falchion          |    81 |   120 ||   201
       Headbutt          |     9 |    20 ||    29
Invok: Berserk           |     1 |     4 ||     5
 Stab: Sleeping          |       |     3 ||     3
  Eat: Chunk             |       |     9 ||     9
Armor: Animal skin       |    11 |     1 ||    12
       Ring mail         |       |    27 ||    27
Dodge: Dodged            |    79 |    71 ||   150
Block: Buckler           |       |    16 ||    16
       Rpst.: Falchion   |    30 |    23 ||    53
